 Dungeon Crawl Stone Soup version 0.31-a0-1172-g9944ec47dd (webtiles) character file.

Game seed: 10417455166598058198

42697 backslashecho the Metamorph (level 14, 0/151 HPs)
             Began as a Meteoran Shapeshifter on Dec 10, 2023.
             Was the Champion of Okawaru.
             Slain by a cane toad (15 damage)
             ... on level 5 of the Lair of Beasts.
             The game lasted 00:48:46 (8091 turns).

backslashecho the Metamorph (Meteoran Shapeshifter) Turns: 8091, Time: 00:48:47

Health: 0/151      AC: 16    Str: 26    XL:     14   Next: 99%
Magic:  24/24      EV: 21    Int: 13    God:    Okawaru [******]
Gold:   822        SH:  0    Dex: 19    Spells: 13/13 levels left

rFire   . .          .
                       - Unarmed
rCold   . . .        (shield currently unavailable)
rNeg    . . .        J - melded +2 steam dragon scales
rPois   +            (helmet currently unavailable)
rElec   .            (cloak currently unavailable)
rCorr   .            a - melded +1 pair of gloves
SInv    .            x - melded +2 pair of boots
Will    +....        (no amulet)
Stlth   ++           N - +6 ring of strength
HPRegen 0.45/turn    s - +4 ring of protection
MPRegen 0.19/turn

%: no passive effects
@: lethally poisoned (0 -> -12), snake-form, heroic, glowing
A: constrict, boosted hp, large, sense surroundings 2, otherworldly, glowing,
explore regen
a: Begin Untransformation, Renounce Religion, Heroism, Finesse, Duel, Receive
Weapon, Receive Armour


You were on level 5 of the Lair of Beasts.
You worshipped Okawaru.
Okawaru was exalted by your worship.
You were an enormous serpent.
You visited 3 branches of the dungeon, and saw 16 of its levels.
You also visited: Volcano.

You collected 1030 gold pieces.
You spent 208 gold pieces at shops.

Inventory:

Hand Weapons
 q - the +6 war axe of the Queen {heavy, Str+3}
   (You found it on level 2 of the Dungeon)

   Str+3:     It affects your strength (+3).
Missiles
 E - a throwing net
Armour
 a - a +1 pair of gloves (melded)
 x - a +2 pair of boots (melded)
 C - a +0 helmet
 J - +2 steam dragon scales (melded)
Jewellery
 s - a +4 ring of protection (right hand)
 N - a +6 ring of strength (left hand)
Talismans
 c - a beast talisman
 d - a flux talisman
 h - a serpent talisman (active)
 D - a blade talisman
Wands
 B - a wand of flame (11)
 I - a wand of roots (2)
 K - a wand of digging (13)
Scrolls
 f - 4 scrolls of fear
 g - 4 scrolls of poison
 k - 6 scrolls of teleportation
 m - 2 scrolls of revelation
 n - 2 scrolls of blinking
 p - 3 scrolls of noise
 w - 2 scrolls of torment
 y - a scroll of silence {unknown}
 A - 7 scrolls of identify
 F - a scroll of immolation {unknown}
 H - a scroll of fog {unknown}
 L - a scroll of enchant armour
Potions
 b - 2 potions of lignification
 e - 2 potions of ambrosia
 i - a potion of curing
 j - a potion of magic
 l - 4 potions of attraction
 o - 4 potions of enlightenment
 t - 3 potions of haste
 u - a potion of might
 v - 2 potions of brilliance
 z - 2 potions of resistance
 G - 2 potions of cancellation
Miscellaneous
 r - a tin of tremorstones (2/2)


   Skills:
 - Level 12.0(17.0) Fighting
 - Level 12.0(17.0) Dodging
 + Level 12.0(17.0) Unarmed Combat
 - Level 12.0 Invocations
 + Level 15.5 Shapeshifting


You had 13 spell levels left.
You didn't know any spells.
Your spell library contained the following spells:

 Spells                   Type           Power      Damage    Failure   Level
 Kiss of Death            Conj/Necr      0%         2d5       30%         1
 Slow                     Hex            0%         N/A       30%         1
 Cigotuvi's Dreadful Rot  Necr/Pois/Air  0%         N/A       43%         2
 Confusing Touch          Hex            0%         N/A       67%         3
 Sigil of Binding         Hex            0%         N/A       67%         3
 Vampiric Draining        Necr           0%         2d6       67%         3
 Dispel Undead            Necr           0%         3d6       97%         4
 Summon Small Mammal      Summ           Unusable   N/A       N/A         1
 Call Canine Familiar     Summ           Unusable   N/A       N/A         3
 Summon Guardian Golem    Hex/Summ       Unusable   N/A       N/A         3
 Death Channel            Necr           Unusable   N/A       N/A         6

Dungeon Overview and Level Annotations

Branches:
Dungeon (10/15) Zot: 524   Temple (1/1) D:5 Zot: 583    Lair (5/5) D:9 Zot: 1112
 Shoals (0/4) Lair:2       Spider (0/4) Lair:2          Orc (0/2) D:10
Volcano (visited)
  Slime: Lair:4-5

Altars:
Ashenzari
Cheibriados
Dithmenos
Elyvilon
Fedhas
Gozag
Hepliaklqana
Kikubaaqudgha
Makhleb
Nemelex Xobeh
Okawaru
Qazlal
Ru
Sif Muna
Trog
Uskayaw
Vehumet
Wu Jian
Xom
Yredelemnul
Zin
The Shining One
Jiyva

Shops:
D:9 :   D:10 *

Portals:
Trove: D:10 (give +3 shadow dragon scales)


Innate Abilities, Weirdness & Mutations

You are an enormous serpent.
You have a powerful constriction melee attack.
Your maximum health is increased.
Your armour is entirely melded.
You are incapable of wielding weapons or throwing items.
You passively map the area around you.
You are easily found by Zot.
You glow in the dark.
You regain HP and MP as you explore.


Message History

The cane toad poisons you!
Your base Unarmed Combat skill increases to level 12!
You take 6 damage, and have 67/151 hp.
You barely miss the komodo dragon. Your grab misses the komodo dragon.
You feel very sick. The cane toad stings you! The komodo dragon misses you.
You take 16 damage, and have 51/151 hp.
You barely miss the komodo dragon. Your grab misses the komodo dragon.
You feel very sick. The cane toad misses you.
You take 3 damage, and have 48/151 hp.
You completely miss the komodo dragon. You grab the komodo dragon.
You constrict the komodo dragon.
You feel very sick.
The komodo dragon completely misses you.
The cane toad closely misses you.
You take 3 damage, and have 45/151 hp.
You lash the komodo dragon!
The komodo dragon is moderately wounded.
You constrict the komodo dragon.
You feel very sick. The komodo dragon bites you!!
* * * LOW HITPOINT WARNING * * *
You take 24 damage, and have 21/151 hp.
You crush the komodo dragon!!!
You kill the komodo dragon!
Okawaru accepts your kill.
Okawaru will grant you a choice of weapons... once.
Okawaru will grant you a choice of armour... once.
You feel sick. The cane toad misses you.
You take 2 damage, and have 19/151 hp.
You feel better.
The cane toad stings you but does no damage.
You regained 6 hp, and now have 25/151 hp.
MP restored: 24 You barely miss the cane toad.
Your grab misses the cane toad. The cane toad closely misses you.
You barely miss the cane toad. Your grab misses the cane toad.
The cane toad stings you!
* * * LOW HITPOINT WARNING * * *
You are poisoned.
The cane toad poisons you!
You take 8 damage, and have 18/151 hp.
You hit the cane toad. You grab the cane toad.
The cane toad is lightly wounded.
You constrict the cane toad, but do no damage.
* * * LOW HITPOINT WARNING * * *
You feel very sick. The cane toad stings you!
You die...

,* #.⌠...⌠..##, .. , *
,* ##.......#.# . , *
*#....⌠....## .## ,, *
#.............####
...# *
.......#####.....##..#
.....#...,
#....###...# *,
,...###...
###.⌠.+....# , ,..#,
....,* ##†......# * ,
** , ...., #S#..##..#
* ... , ##F....#.# , ,
, #...P#...# * , , *
,, PP...P.....#,, , *
* , , ............. *
* , ....##..#P##$.* *
, , * , #### ###### #P
* ** * * *


You could see a cane toad.

Vanquished Creatures
  3 hydras
  An ogre mage (Volcano)
  5 two-headed ogres
  9 death yaks
  A hell knight (Volcano)
  A skyshark (Lair:5)
  A necromancer (D:10)
  4 elephants (Lair:3)
  A cyclops (D:9)
  4 centaur zombies (D:10)
  3 black mambas (Lair:2)
  A molten gargoyle (Volcano)
  2 torpor snails
  9 cane toads
  Maggie (D:7)
  6 rime drakes
  An unseen horror (D:10)
  An unseen horror zombie (D:10)
  8 komodo dragons
  An unseen horror skeleton (D:10)
  2 trolls (D:10)
  2 polar bears
  A hornet (Lair:1)
  6 blink frogs
  Prince Ribbit (D:7)
  Grinder (D:3)
  A jumping spider (Lair:2)
  4 flying skulls (D:10)
  5 wyverns
  3 wraiths (D:10)
  A shadow (D:10)
  28 yaks
  2 basilisks
  3 culicivoras (Lair:2)
  4 steam dragons
  A fire bat (Volcano)
  12 water moccasins
  4 orc warriors
  An ice beast (D:8)
  2 black bears
  30 wolves
  2 ogres
  2 centaurs
  3 kobold brigands
  8 bullfrogs
  3 gnoll sergeants
  3 scorpions
  4 necrophages (Lair:3)
  9 wights
  14 killer bees
  5 howler monkeys
  5 lava snakes (Volcano)
  2 hounds
  2 orc priests
  6 jellies
  A gnoll bouda (D:8)
  3 centaur skeletons (D:10)
  3 iguanas
  13 orc wizards
  Natasha (thrice) (D:4)
  7 hell rats (Lair:3)
  32 gnolls
  4 adders
  A shadow imp (D:6)
  A white imp (D:5)
  2 worms (D:4)
  3 dart slugs
  45 orcs
  3 bats
  11 endoplasms
  3 giant cockroaches
  7 goblins
  10 hobgoblins
  4 jackals (D:3)
  5 quokkas
  8 ball pythons
  5 frilled lizards
  20 kobolds
  4 rats
443 creatures vanquished.

Vanquished Creatures (others)
  An orc (D:3)
1 creature vanquished.

Grand Total: 444 creatures vanquished

Notes
Turn   | Place    | Note
-------+----------+-------------------------------------------
     0 | D:1      | backslashecho the Meteoran Shapeshifter began the quest for
                  | the Orb.
     0 | D:1      | Reached XP level 1. HP: 16/16 MP: 2/2
    56 | D:1      | Reached XP level 2. HP: 16/23 MP: 3/3
    66 | D:1      | Reached skill level 4 in Shapeshifting
   484 | D:2      | Reached XP level 3. HP: 28/28 MP: 4/4
   753 | D:2      | Identified the +6 war axe of the Queen {heavy, Str+3}
   856 | D:2      | Noticed a glass eye
   858 | D:2      | Found a faded altar of an unknown god.
   859 | D:2      | Noticed a golden eye
   859 | D:2      | Noticed a golden eye
   859 | D:2      | Noticed an eye of devastation
   992 | D:3      | Reached skill level 5 in Shapeshifting
   992 | D:3      | Reached XP level 4. HP: 21/35 MP: 5/5
  1245 | D:3      | Noticed Grinder
  1256 | D:3      | Killed Grinder
  1257 | D:3      | Reached skill level 5 in Unarmed Combat
  1257 | D:3      | Reached skill level 6 in Shapeshifting
  1257 | D:3      | Reached XP level 5. HP: 40/40 MP: 6/6
  1257 | D:3      | Reached XP level 6. HP: 47/47 MP: 7/7
  1515 | D:3      | Reached XP level 7. HP: 42/52 MP: 8/8
  1692 | D:4      | Reached skill level 7 in Shapeshifting
  1942 | D:4      | Noticed Natasha
  1951 | D:4      | Killed Natasha
  2070 | D:5      | Entered Level 5 of the Dungeon
  2104 | D:4      | Noticed Natasha
  2115 | D:4      | Killed Natasha
  2116 | D:4      | Reached XP level 8. HP: 27/66 MP: 9/9
  2236 | D:4      | Noticed Natasha
  2243 | D:4      | Killed Natasha
  2249 | D:4      | Reached skill level 5 in Fighting
  2396 | D:5      | Reached skill level 8 in Shapeshifting
  2660 | D:5      | Found a staircase to the Ecumenical Temple.
  2669 | Temple   | Entered the Ecumenical Temple
  2677 | Temple   | Became a worshipper of Warmaster Okawaru
  2744 | D:5      | Reached skill level 1 in Invocations
  2873 | D:6      | Noticed a steam dragon
  2882 | D:6      | Killed a steam dragon
  2883 | D:6      | Gained mutation: You passively map the area around you.
                  | [Meteoran growth]
  2883 | D:6      | Reached XP level 9. HP: 32/78 MP: 11/11
  2953 | D:6      | Reached * piety under Okawaru
  3005 | D:6      | Found a shadowy altar of Dithmenos.
  3240 | D:7      | Reached skill level 5 in Invocations
  3337 | D:7      | Noticed Maggie
  3352 | D:7      | Killed Maggie
  3352 | D:7      | Reached ** piety under Okawaru
  3353 | D:7      | Reached XP level 10. HP: 53/91 MP: 15/15
  3453 | D:7      | Noticed Prince Ribbit
  3536 | D:7      | Killed Prince Ribbit
  3650 | D:7      | Reached skill level 5 in Dodging
  3721 | D:8      | Found a broken altar of Ashenzari.
  3844 | D:8      | Reached *** piety under Okawaru
  3855 | D:8      | Identified the +5 plate armour of Agoomu {*Corrode rPois
                  | Dex+4}
  4061 | D:9      | Noticed a cyclops
  4212 | D:9      | Noticed a two-headed ogre
  4224 | D:9      | HP: 3/91 [two-headed ogre/+0 giant spiked club (23)]
  4225 | D:9      | Killed a two-headed ogre
  4225 | D:9      | Reached **** piety under Okawaru
  4226 | D:9      | Reached skill level 10 in Invocations
  4226 | D:9      | Reached XP level 11. HP: 4/97 MP: 19/19
  4231 | D:9      | Found a basalt altar of Yredelemnul.
  4235 | D:9      | Found a glowing golden altar of the Shining One.
  4332 | D:9      | Killed a cyclops
  4332 | D:9      | Reached ***** piety under Okawaru
  4477 | D:9      | Found Taoq's Book Boutique.
  4549 | D:9      | Received a gift from Okawaru
  4639 | D:9      | Found a staircase to the Lair.
  4712 | D:10     | Entered Level 10 of the Dungeon
  4774 | D:9      | Reached skill level 9 in Shapeshifting
  4804 | D:10     | Found Huyf Sig's General Store.
  4815 | D:10     | Bought a potion of resistance for 160 gold pieces
  4815 | D:10     | Bought a scroll of teleportation for 48 gold pieces
  5098 | D:10     | Found a shimmering altar of Xom.
  5123 | D:10     | Received a gift from Okawaru
  5128 | D:10     | Reached skill level 10 in Shapeshifting
  5156 | D:10     | Found a portal to a secret trove of treasure.
  5161 | D:10     | Found a staircase to the Orcish Mines.
  5227 | D:10     | Reached XP level 12. HP: 88/104 MP: 22/22
  5297 | D:10     | Reached skill level 11 in Shapeshifting
  5316 | D:10     | Received a gift from Okawaru
  5369 | D:10     | Noticed a necromancer
  5391 | D:10     | Killed a necromancer
  5399 | D:10     | Reached ****** piety under Okawaru
  5419 | D:10     | HP: 5/104 [centaur warrior zombie (9)]
  5482 | D:9      | Noticed an angel
  5590 | Lair:1   | Entered Level 1 of the Lair of Beasts
  5597 | Lair:1   | Reached skill level 12 in Shapeshifting
  5755 | Lair:1   | Reached skill level 13 in Shapeshifting
  5815 | Lair:1   | Found a radiant altar of Vehumet.
  5835 | Lair:1   | Reached XP level 13. HP: 111/111 MP: 23/23
  6088 | Lair:2   | Reached skill level 10 in Unarmed Combat
  6152 | Lair:2   | Found a staircase to the Shoals.
  6192 | Lair:2   | Noticed a death yak
  6192 | Lair:2   | Noticed a death yak
  6192 | Lair:2   | Noticed a death yak
  6194 | Lair:2   | Noticed a death yak
  6201 | Lair:2   | Killed a death yak
  6201 | Lair:2   | Received a gift from Okawaru
  6208 | Lair:2   | Killed a death yak
  6214 | Lair:2   | Killed a death yak
  6219 | Lair:2   | Killed a death yak
  6220 | Lair:2   | Reached skill level 14 in Shapeshifting
  6444 | Lair:2   | Found a hole to the Spider Nest.
  6642 | Lair:3   | Reached skill level 10 in Fighting
  6712 | Lair:3   | Noticed a five-headed hydra
  6718 | Lair:3   | Killed a five-headed hydra
  6718 | Lair:3   | Received a gift from Okawaru
  6846 | Lair:3   | Reached skill level 15 in Shapeshifting
  6846 | Lair:3   | Reached XP level 14. HP: 100/122 MP: 24/24
  7191 | Lair:4   | Received a gift from Okawaru
  7272 | Lair:4   | You fall into a shaft and drop 1 floor!
  7272 | Lair:5   | Entered Level 5 of the Lair of Beasts
  7272 | Lair:5   | Found a viscous altar of Jiyva.
  7339 | Lair:5   | Reached skill level 10 in Dodging
  7374 | Lair:5   | Found a dark tunnel.
  7397 | Volcano  | Entered a volcano
  7621 | Volcano  | Found a bloodstained altar of Trog.
  7636 | Volcano  | Paralysed by something for 4 turns
  7645 | Volcano  | Received a gift from Okawaru
  7908 | Volcano  | Glimpsed the power of Zot.
  8091 | Lair:5   | Slain by a cane toad

Illustrated notes

Levels and vault maps discovered:
D:1:      minmay_arrival_three_doors, layout_loops_cross, minmay_pentomino_o4
D:2:      layout_rooms, hellmonk_ecumenical_altar_watching_god
D:3:      layout_basic, kennysheep_nub, st_stairs_4, uniq_grinder
D:4:      layout_basic, minmay_quantized, uniq_natasha
D:5:      layout_cave_pools, minmay_temple_entry_fiery, portal_sewer_entry_e
D:6:      minmay_chambers_of_threes, layout_loops_ring,
          grunt_dithmenos_smoke_and_mirrors
D:7:      layout_rooms, uniq_maggie, uniq_prince_ribbit1
D:8:      layout_rooms, nicolae_ashenzari_skybound
D:9:      layout_basic, grunt_temple_overflow_holy_war, david_lair_shrubbed,
          serial_shops, nicolae_shop_rolling_square, minmay_hedge_maze,
          grunt_potential
D:10:     hangedman_screamer, layout_rooms, mainiacjoe_overflow_surrounded_room,
          orc_0_dummy, serial_shops, shop, nicolae_trove_entry_isolated,
          grunt_ministairs_12
Temple:   nicolae_temple_bog_church
Lair:1:   layout_chaotic_city, basic_altar, grunt_megastairs_2
Lair:2:   layout_misc_corridors, elwin_shoals_entry_rocks,
          nicolae_spider_entry_tight_spaces, grunt_megastairs_1
Lair:3:   layout_regular_city, roderic_carrion_pond, serial_bayou_shore_b
Lair:4:   layout_regular_city, infiniplex_staircase_pool_2
Lair:5:   evilmike_catoblepas_cave, layout_loops_ring,
          nicolae_slime_entry_field_trip, enter_volcano_1,
          nicolae_lair_grove_arrangements, grunt_forest_large_clearings,
          grunt_megastairs_4

Skill      XL: |  1  2  3  4  5  6  7  8  9 10 11 12 13 14 |
---------------+-------------------------------------------+-----
Shapeshifting  | 4 5 6 7 8 10 13 15 | 15.5
Unarmed Combat | 4 5 6 9 11 12 | 12.0
Fighting       | 4 6 9 10 12 | 12.0
Invocations    | 2 6 10 12 | 12.0
Dodging        | 3 7 9 12 | 12.0

Action                     |  1- 3 |  4- 6 |  7- 9 | 10-12 | 13-15 || total
---------------------------+-------+-------+-------+-------+-------++-------
  Melee: Unarmed           |    78 |    79 |   336 |   740 |   422 ||  1655
         Punch             |     2 |       |       |       |       ||     2
         Constrict         |       |       |       |    24 |   100 ||   124
 Invoke: Heroism           |       |       |       |     5 |     4 ||     9
         Finesse           |       |       |       |       |     1 ||     1
  Evoke: Wand              |       |       |     7 |     2 |     1 ||    10
         Tin of tremorston |       |       |       |     1 |       ||     1
    Use: Scroll            |       |     5 |     2 |    20 |     2 ||    29
         Potion            |       |     1 |       |     8 |     5 ||    14
   Stab: Paralysed         |       |       |     3 |       |       ||     3
 Armour: Animal skin       |    41 |    14 |       |       |       ||    55
         Skin              |       |    24 |   155 |   422 |   273 ||   874
  Dodge: Dodged            |    38 |    50 |   263 |   835 |   269 ||  1455
   Form: Flux              |       |     1 |       |     1 |       ||     2
                           |       |       |       |     1 |       ||     1
         Serpent           |       |       |       |     1 |       ||     1

Table legend: (Time is in decaauts)
 A = Elapsed time spent in this place.
 B = Non-inter-level travel time spent in this place.
 C = Inter-level travel time spent in this place.
 D = Time resting spent in this place.
 E = Time spent auto-exploring this place.
 F = Levels seen in this place.
 G = Mean time per level.
                   A        B        C        D        E       F      G
               +--------+--------+--------+--------+--------+-----+--------+
         Total |   7893 |   7353 |    540 |    602 |   1267 |  17 |  464.3 |
       Dungeon |   5475 |   5036 |    439 |    363 |    846 |  10 |  547.5 |
        Temple |     16 |      1 |     15 |      0 |      0 |   1 |   16.0 |
          Lair |   1887 |   1801 |     86 |     39 |    393 |   5 |  377.4 |
       Volcano |    513 |    513 |      0 |    200 |     28 |   1 |  513.0 |
               +--------+--------+--------+--------+--------+-----+--------+

Top non-repeatable levels by time:
     D:9: 788 daAuts
    D:10: 689 daAuts
     D:2: 605 daAuts
     D:4: 595 daAuts
     D:3: 584 daAuts
     D:5: 533 daAuts
  Lair:2: 528 daAuts
 Volcano: 513 daAuts
  Lair:3: 511 daAuts
     D:1: 470 daAuts
     D:7: 437 daAuts
     D:6: 400 daAuts
     D:8: 371 daAuts
  Lair:1: 370 daAuts
  Lair:5: 272 daAuts
